 Dungeon Crawl Stone Soup version 0.29.1-1-gd02db6906a (webtiles) character file.

Game seed: 17194588018682102700

2412 Ijustatesigmund the Fighter (level 9, -1/61 HPs)
             Began as a Gargoyle Fighter on Sept 16, 2022.
             Slain by a wight
             ... wielding a +4 halberd
              (7 damage)
             ... on level 7 of the Dungeon.
             The game lasted 00:09:03 (6796 turns).

Ijustatesigmund the Fighter (Gargoyle Fighter)      Turns: 6796, Time: 00:09:04

Health: -1/61      AC: 16    Str: 22    XL:     9   Next: 47%
Magic:  9/9        EV: 11    Int: 11    God:
Gold:   78         SH: 10    Dex:  9    Spells: 8/8 levels left

rFire   . . .      SeeInvis .   n - +4 morningstar (protect)
rCold   . . .      Faith    .   c - +1 buckler
rNeg    + . .      Spirit   .   b - +0 chain mail
rPois   ∞          Reflect  +   (no helmet)
rElec   +          Harm     .   (no cloak)
rCorr   .          Rampage  .   (no gloves)
Will    .....                   (no boots)
Stlth   ..........              e - amulet of reflection
HPRegen 0.20/turn               l - +4 ring of evasion
MPRegen 0.11/turn               (no ring)

@: hasted, very quick
A: sickness immunity, AC +6, negative energy resistance 1, electricity
resistance, torment resistance 1, petrification resistance
a: no special abilities


You were on level 7 of the Dungeon.
You visited 1 branch of the dungeon, and saw 7 of its levels.

You collected 289 gold pieces.
You spent 211 gold pieces at shops.

Inventory:

Hand Weapons
 a - a +1 flail of protection
 n - a +4 morningstar of protection (weapon)
Armour
 b - a +0 chain mail (worn)
 c - a +1 buckler (worn)
Jewellery
 e - an amulet of reflection (around neck)
 i - a ring of fire
 l - a +4 ring of evasion (left hand)
Wands
 s - a wand of quicksilver (11)
Scrolls
 g - 3 scrolls of enchant armour
 h - a scroll of immolation
Potions
 f - a potion of mutation
 j - a potion of cancellation
 k - 2 potions of curing
 o - a potion of brilliance {unknown}
 p - a potion of resistance {unknown}


   Skills:
 + Level 9.6 Fighting
 + Level 8.4 Maces & Flails
 + Level 6.0 Armour
 - Level 3.2 Shields


You had 8 spell levels left.
You didn't know any spells.
Your spell library contained the following spells:

 Spells                   Type           Power      Damage    Failure   Level
 Magic Dart               Conj           0%         1d3       98%         1
 Call Imp                 Summ           0%         N/A       99%         2
 Ensorcelled Hibernation  Hex/Ice        0%         N/A       99%         2
 Searing Ray              Conj           0%         2d4       99%         2
 Mephitic Cloud           Conj/Pois/Air  0%         N/A       100%        3
 Spider Form              Tmut/Pois      0%         N/A       100%        3
 Anguish                  Hex/Necr       0%         N/A       100%        4
 Fulminant Prism          Conj/Hex       0%         3d6       100%        4


Dungeon Overview and Level Annotations

Branches:
Dungeon (7/15)             Temple (0/1) D:5

Altars:
Ashenzari
Makhleb
Wu Jian

Shops:
D:4 [   D:6 *   D:7 *


Innate Abilities, Weirdness & Mutations

You are immune to sickness and miasma.
Your stone body is resilient. (AC +6)
You are immune to poison.
You resist negative energy. (rN+)
You are resistant to electric shocks. (rElec)
You are resistant to unholy torment.
You are immune to petrification.


Message History

You barely miss the bullfrog. The bullfrog hits you.
The howler monkey hoots and howls with incredible vigour!
The bullfrog barely misses you. The wight closely misses you.
The wight misses you. The wight barely misses you.
The wight hits you but does no damage.
You feel yourself speed up. You block the bullfrog's attack.
The wight hits you with a +4 great sword!
* * * LOW HITPOINT WARNING * * *
The wight barely misses you. x2; The wight hits you but does no damage.
You feel better. You block the bullfrog's attack.
You feel better.
The bullfrog hits you but does no damage.
The wight hits you with a +4 great sword.
The howler monkey hoots and howls with incredible vigour!
The wight closely misses you. You block the wight's attack.
The wight hits you with a +4 halberd. The bullfrog barely misses you.
You barely miss the bullfrog. You block the wight's attack.
The wight closely misses you. You block the wight's attack.
The wight barely misses you. The bullfrog closely misses you.
You barely miss the bullfrog. You block the bullfrog's attack.
The wight hits you with a +4 great sword.
The wight hits you from afar with a +4 trident.
* * * LOW HITPOINT WARNING * * *
The wight hits you with a +0 long sword.
* * * LOW HITPOINT WARNING * * *
You block the wight's attack.
You feel better.
The howler monkey hoots and howls with incredible vigour!
The bullfrog barely misses you.
You closely miss the wight. You block the wight's attack. x2
The wight hits you with a +0 long sword.
* * * LOW HITPOINT WARNING * * *
The wight hits you with a +4 halberd!
* * * LOW HITPOINT WARNING * * *
The bullfrog hits you but does no damage.
You barely miss the wight.
The bullfrog snags a nearby blue-tailed skink with its tongue.
The bullfrog misses you. The wight closely misses you.
You block the wight's attack. x2; The wight hits you with a +4 halberd!
You die...

#^.....#..#.######..
##.............##...
#.....#.......##...
##.............#...#
##...#.#..........#.# #
#..#.............##.# .
###......#..#.........# #.
#....##z.#.###.##.....#
.##.####.#.hz@F.#.#...........
.......#.#.zz##.#.).#..#'#....
.......#...zh...#.####.'∩+....
............zh.z.....###'#...#
.....)......##.......# #.....#
####.....##.##.......# ####.##
#......#..######.### #.#
#........#.## #.# #.#
.......#.. #.# #.#


You could see a bullfrog, 2 howler monkeys and 6 wights.

Vanquished Creatures
  Pikel (D:5)
  A hornet (D:5)
  A steam dragon (D:5)
  Edmund (D:5)
  A water moccasin (D:7)
  A sky beast (D:7)
  An ice beast (D:3)
  A phantom (D:2)
  2 centaurs (D:5)
  4 scorpions
  4 wights
  A howler monkey (D:5)
  2 hounds
  3 orc priests (D:6)
  3 orc wizards
  12 gnolls
  8 adders
  2 ufetubi (D:6)
  2 dart slugs
  12 orcs
  6 endoplasms
  4 giant cockroaches
  7 goblins
  4 hobgoblins
  9 jackals
  4 quokkas
  7 ball pythons
  7 bats
  12 frilled lizards
  2 kobolds
  2 rats
127 creatures vanquished.

Vanquished Creatures (others)
  8 plants (D:3)
  A withered plant (D:3)
9 creatures vanquished.

Grand Total: 136 creatures vanquished

Notes
Turn   | Place    | Note
-------+----------+-------------------------------------------
     0 | D:1      | Ijustatesigmund the Gargoyle Fighter began the quest for
                  | the Orb.
     0 | D:1      | Reached XP level 1. HP: 14/14 MP: 1/1
   113 | D:1      | Reached XP level 2. HP: 18/19 MP: 2/2
   383 | D:1      | Reached XP level 3. HP: 24/24 MP: 3/3
   387 | D:1      | You fall into a shaft and drop 1 floor!
   387 | D:2      | Identified the amulet of Exhibitionism {Faith rF- Int+5}
   423 | D:2      | Reached skill level 4 in Fighting
   642 | D:2      | Noticed a phantom
   660 | D:2      | Killed a phantom
   661 | D:2      | Reached XP level 4. HP: 23/30 MP: 4/4
   661 | D:2      | Reached XP level 5. HP: 26/34 MP: 5/5
   885 | D:2      | Reached skill level 5 in Fighting
  1350 | D:3      | Noticed an ice beast
  1361 | D:3      | Killed an ice beast
  1362 | D:3      | Reached XP level 6. HP: 41/41 MP: 6/6
  1411 | D:3      | Found a faded altar of an unknown god.
  2262 | D:3      | Reached skill level 6 in Fighting
  2316 | D:3      | Reached skill level 5 in Maces & Flails
  2584 | D:4      | Found Lattier's Armour Emporium.
  2934 | D:4      | Reached XP level 7. HP: 44/47 MP: 7/7
  3466 | D:5      | Entered Level 5 of the Dungeon
  3474 | D:5      | Noticed Edmund
  3494 | D:5      | Killed Edmund
  3800 | D:5      | Noticed Pikel
  3830 | D:5      | Killed Pikel
  3831 | D:5      | Reached skill level 8 in Fighting
  3831 | D:5      | Reached XP level 8. HP: 18/54 MP: 8/8
  4300 | D:5      | Found a staircase to the Ecumenical Temple.
  5237 | D:6      | Noticed a hornet
  5255 | D:5      | Killed a hornet
  5256 | D:5      | Reached skill level 9 in Fighting
  5256 | D:5      | Reached skill level 5 in Armour
  5256 | D:5      | Reached XP level 9. HP: 26/60 MP: 9/9
  6266 | D:6      | Found Riulaose's General Store.
  6269 | D:6      | Bought a scroll of enchant weapon for 97 gold pieces
  6317 | D:6      | Found a burning altar of Makhleb.
  6321 | D:6      | Found a broken altar of Ashenzari.
  6325 | D:6      | Found an ornate altar of the Wu Jian Council.
  6676 | D:7      | Found Pettaacw's General Store.
  6685 | D:7      | Bought a scroll of brand weapon for 114 gold pieces
  6796 | D:7      | Slain by a wight

Illustrated notes

Levels and vault maps discovered:
D:1:      dpeg_arrival_court, layout_basic, corner_web_ring,
          kennysheep_pointless_box
D:2:      layout_basic
D:3:      layout_basic, shapermc_ecumenical_altar_flowoftime, minmay_lizard_king
D:4:      layout_layer_cave, serial_shops, nicolae_diamond_shop, serial_glass,
          glass_columns_a, glass_columns_b
D:5:      layout_basic, minmay_temple_entry_junction, uniq_pikel, uniq_edmund
D:6:      layout_basic, grunt_temple_overflow_diamond, serial_shops,
          nicolae_shop_behind_doors, bh_walls_and_bars
D:7:      layout_rooms, serial_shops, kennysheep_mini, serial_park_tiny_1,
          lightli_church_of_beogh

Skill      XL: |  1  2  3  4  5  6  7  8  9 |
---------------+----------------------------+-----
Fighting       | 4 5 6 8 9 |  9.6
Maces & Flails | 3 4 5 6 7 8 |  8.4
Armour         | 5 6 |  6.0
Shields        | |  3.2

Action                   |  1- 3 |  4- 6 |  7- 9 || total
-------------------------+-------+-------+-------++-------
Melee: Flail             |   101 |   259 |   176 ||   536
       Morningstar       |       |       |    28 ||    28
  Use: Scroll            |     2 |     8 |     9 ||    19
       Potion            |       |     1 |     9 ||    10
Armor: Scale mail        |    40 |   111 |    78 ||   229
       Skin              |       |       |     1 ||     1
       Chain mail        |       |       |    24 ||    24
Dodge: Dodged            |    46 |    71 |   143 ||   260
Block: Buckler           |    44 |   136 |   161 ||   341
       Reflection        |       |     1 |     5 ||     6
